 Dungeon Crawl Stone Soup version 0.31-a0-744-gbc345e7fcb (webtiles) character file.

Game seed: 17360269334143092416

29 cforsyth the Sneak (level 3, -5/30 HPs)
             Began as a Djinni Delver on Sept 14, 2023.
             Slain by an iguana (10 damage)
             ... on level 5 of the Dungeon.
             The game lasted 00:00:26 (72 turns).

cforsyth the Sneak (Djinni Delver)                    Turns: 72, Time: 00:00:27

Health: -5/30      AC:  3    Str: 11    XL:     3   Next: 32%
Gold:   0          EV: 12    Int: 13    God:
                   SH:  0    Dex: 14

rFire   + + .        a - +0 falchion
rCold   x . .        (no shield)
rNeg    . . .        b - +0 leather armour
rPois   ∞            (no helmet)
rElec   .            (no cloak)
rCorr   .            (no gloves)
SInv    .            (boots unavailable)
Will    .....        (no amulet)
Stlth   ++           (no ring)
HPRegen 0.25/turn    (no ring)
MPRegen 0.00/turn

%: infuse magic (-6 HP)
@: flying, very slightly contaminated
A: sickness immunity, fire resistance 2, cold vulnerability 1, float, innate
caster, HP casting, extra vitality 1
a: no special abilities


You were on level 5 of the Dungeon.
You visited 1 branch of the dungeon, and saw 1 of its levels.

Inventory:

Hand Weapons
 a - a +0 falchion (weapon)
Armour
 b - a +0 leather armour (worn)
Wands
 g - a wand of digging (3)
Scrolls
 c - a scroll of fog
 d - a scroll of revelation
 e - a scroll of fear
Potions
 f - a potion of haste


   Skills:
 + Level 3.6 Fighting
 - Level 1.7 Long Blades
 - Level 2.1 Dodging
 - Level 4.1 Stealth
 + Level 1.2 Spellcasting
 + Level 1.2 Conjurations
 + Level 1.2 Hexes
   Level 0.0 Charms
 + Level 1.2 Summonings
 + Level 1.2 Necromancy
 + Level 1.2 Translocations
 + Level 1.2 Transmutations
 + Level 1.2 Fire Magic
 + Level 1.2 Ice Magic
 + Level 1.2 Air Magic
 + Level 1.2 Earth Magic
 + Level 1.2 Poison Magic


You knew the following spells:

 Your Spells              Type           Power      Damage    Failure   Level
a - Foxfire               Conj/Fire      12%        2x1d4     22%         1
Your spell library was empty.

Dungeon Overview and Level Annotations

Branches:
Dungeon (5/15)
 Temple: D:4-7

Altars:


Innate Abilities, Weirdness & Mutations

You are immune to sickness and miasma.
You are immune to poison.
Your flesh is very heat resistant. (rF++)
You are vulnerable to cold. (rC-)
You float through the air rather than walking.
You learn spells naturally, not from books.
Your magical power is your life essence.
You have superior vitality. (+4 MHP)


Message History

You have reached level 2!
You have reached level 3!
Your experience leads to an increase in your attributes!
Increase (S)trength, (I)ntelligence, or (D)exterity?
You feel clever. x2
The power to cast Foxfire wells up from within.
Spell assigned to 'a'.
Nothing quivered!
Casting: Foxfire (safe; 22% risk of failure)
Confirm with . or Enter, or press ? or * to list all spells.
You conjure some foxfire!
Casting: Foxfire (safe; 22% risk of failure)
Confirm with . or Enter, or press ? or * to list all spells.
You miscast Foxfire.
You are very lightly contaminated with residual magic.
Nothing appears to happen.
The foxfire hits the iguana but does no damage.
Casting: Foxfire (safe; 22% risk of failure)
Confirm with . or Enter, or press ? or * to list all spells.
You conjure some foxfire!
Casting: Foxfire (safe; 22% risk of failure)
Confirm with . or Enter, or press ? or * to list all spells.
You miscast Foxfire.
Nothing appears to happen.
Your foxfire dissipates!
The foxfire hits the iguana but does no damage.
Casting: Foxfire (safe; 22% risk of failure)
Confirm with . or Enter, or press ? or * to list all spells.
You conjure some foxfire!
You hit the iguana but do no damage.
Your foxfire dissipates!
The foxfire hits the iguana.
The iguana is lightly wounded.
The foxfire hits the iguana but does no damage.
The iguana is lightly wounded.
The iguana bites you! The iguana bites you.
* * * LOW HITPOINT WARNING * * *
You barely miss the iguana.
The iguana is lightly wounded.
The iguana bites you!
You die...

#.# #.# #.# #.# #.#
#.# #†# ########.
#.####l#####........
#......@§..§........
#######§####.######
#.# #.# #.# #.# #.#
#.# #.# #.# #.#
#.###### #.#
#......# ######.#


You could see an iguana.

Vanquished Creatures
  A hound (D:5)
1 creature vanquished.

Vanquished Creatures (others)
  5 foxfires (D:5)
5 creatures vanquished.

Grand Total: 6 creatures vanquished

Notes
Turn   | Place    | Note
-------+----------+-------------------------------------------
     0 | D:5      | cforsyth the Djinni Delver began the quest for the Orb.
     0 | D:5      | Reached XP level 1. HP: 20/20 MP: 0/0
    20 | D:5      | Noticed a scorpion
    59 | D:5      | Noticed a hound
    62 | D:5      | Noticed an iguana
    64 | D:5      | Killed a hound
    65 | D:5      | Reached skill level 1 in Spellcasting
    65 | D:5      | Reached skill level 1 in Conjurations
    65 | D:5      | Reached skill level 1 in Hexes
    65 | D:5      | Reached skill level 1 in Summonings
    65 | D:5      | Reached skill level 1 in Necromancy
    65 | D:5      | Reached skill level 1 in Translocations
    65 | D:5      | Reached skill level 1 in Transmutations
    65 | D:5      | Reached skill level 1 in Fire Magic
    65 | D:5      | Reached skill level 1 in Ice Magic
    65 | D:5      | Reached skill level 1 in Air Magic
    65 | D:5      | Reached skill level 1 in Earth Magic
    65 | D:5      | Reached skill level 1 in Poison Magic
    65 | D:5      | Reached XP level 2. HP: 17/25 MP: 0/0
    65 | D:5      | Reached XP level 3. HP: 21/30 MP: 0/0
    65 | D:5      | Learned a level 1 spell: Foxfire
    72 | D:5      | Slain by an iguana

Illustrated notes

Levels and vault maps discovered:
D:5:      layout_loops_ring, minitemple, nicolae_shop_vocational

Skill      XL: |  1 |
---------------+----+-----
Spellcasting   | 1 |  1.2
Conjurations   | 1 |  1.2
Hexes          | 1 |  1.2
Summonings     | 1 |  1.2
Necromancy     | 1 |  1.2
Translocations | 1 |  1.2
Transmutations | 1 |  1.2
Fire Magic     | 1 |  1.2
Ice Magic      | 1 |  1.2
Air Magic      | 1 |  1.2
Earth Magic    | 1 |  1.2
Poison Magic   | 1 |  1.2
Fighting       | |  3.6
Long Blades    | |  1.7
Dodging        | |  2.1
Stealth        | |  4.1

Action                     || total
---------------------------++-------
  Melee: Falchion          ||     6
         Punch             ||     1
   Cast: Foxfire           ||     3
 Armour: Leather armour    ||     7
  Dodge: Dodged            ||     1

Table legend: (Time is in decaauts)
 A = Elapsed time spent in this place.
 B = Non-inter-level travel time spent in this place.
 C = Inter-level travel time spent in this place.
 D = Time resting spent in this place.
 E = Time spent auto-exploring this place.
 F = Levels seen in this place.
 G = Mean time per level.
                   A        B        C        D        E       F      G
               +--------+--------+--------+--------+--------+-----+--------+
         Total |     73 |     73 |      0 |      0 |     23 |   1 |   73.0 |
       Dungeon |     73 |     73 |      0 |      0 |     23 |   1 |   73.0 |
               +--------+--------+--------+--------+--------+-----+--------+

Top non-repeatable levels by time:
     D:5: 73 daAuts
